 Dungeon Crawl Stone Soup version 0.29.1-1-gd02db6906a (webtiles) character file.

Game seed: 8602316539963875444

102 Aibolit the Trooper (level 4, 0/41 HPs)
             Began as a Hill Orc Fighter on Oct 8, 2022.
             Frozen to death by an endoplasm (2 damage)
             ... on level 4 of the Dungeon.
             The game lasted 00:03:30 (2175 turns).

Aibolit the Trooper (Hill Orc Fighter)              Turns: 2175, Time: 00:03:31

Health: 0/41       AC:  7    Str: 20    XL:     4   Next: 78%
Magic:  4/4        EV:  8    Int:  8    God:
Gold:   102        SH:  8    Dex: 10    Spells: 3/3 levels left

rFire   . . .      SeeInvis .   a - +0 war axe
rCold   . . .      Faith    .   n - +0 kite shield
rNeg    . . .      Spirit   .   b - +0 scale mail
rPois   .          Reflect  .   (no helmet)
rElec   .          Harm     .   (no cloak)
rCorr   .          Rampage  .   (no gloves)
Will    .....                   (no boots)
Stlth   ..........              (no amulet)
HPRegen 0.13/turn               (no ring)
MPRegen 0.09/turn               (no ring)

@: no status effects
A: no striking features
a: no special abilities


You were on level 4 of the Dungeon.
You visited 1 branch of the dungeon, and saw 5 of its levels.

You collected 102 gold pieces.

Inventory:

Hand Weapons
 a - a +0 war axe (weapon)
Armour
 b - a +0 scale mail (worn)
 n - a +0 kite shield (worn)
Scrolls
 c - a scroll of enchant armour {unknown}
 e - 3 scrolls of enchant weapon
 f - a scroll of noise {unknown}
 g - 4 scrolls of identify
 i - a scroll of torment {unknown}
 k - a scroll of amnesia {unknown}
 m - a scroll of immolation {unknown}
Potions
 d - 2 potions of might
 h - 2 potions of curing {unknown}
 j - 2 potions of ambrosia {unknown}
 l - 2 potions of brilliance {unknown}


   Skills:
 + Level 4.5 Fighting
 + Level 3.9 Axes
 + Level 4.0 Armour
 + Level 4.0 Shields


You had 3 spell levels left.
You didn't know any spells.
Your spell library contained the following spells:

 Spells                   Type           Power      Damage    Failure   Level
 Summon Ice Beast         Ice/Summ       0%         N/A       100%        4
 Summon Mana Viper        Hex/Summ       0%         N/A       100%        5
 Monstrous Menagerie      Summ           0%         N/A       100%        7


Dungeon Overview and Level Annotations

Branches:
Dungeon (5/15)
 Temple: D:4-7

Altars:
Kikubaaqudgha

Shops:
D:5 (


Message History

The jackal barely misses you. You block the jackal's attack.
The jackal bites you but does no damage.
You hit the jackal but do no damage.
The jackal is almost dead.
You barely miss the jackal. You block the jackal's attack.
The jackal bites you but does no damage.
You block the jackal's attack. The jackal bites you.
* * * LOW HITPOINT WARNING * * *
You block the jackal's attack.
You closely miss the jackal.
The jackal is heavily wounded.
You hit the jackal.
You kill the jackal!
The jackal bites you.
* * * LOW HITPOINT WARNING * * *
The jackal bites you but does no damage.
You block the goblin's attack. The jackal closely misses you.
You are too injured to fight recklessly!
You are too injured to fight recklessly!
You are too injured to fight recklessly!
You slash the jackal!
You kill the jackal!
You hit the goblin.
You kill the goblin!
An endoplasm comes into view.
An endoplasm comes into view.
The endoplasm quivers.
You are too injured to fight recklessly!
You are too injured to fight recklessly!
There are monsters nearby!
There is a stone staircase leading down here.
Found 4 stones and a short sword.
Found a stone staircase leading down.
You block the endoplasm's attack.
You are too injured to fight recklessly!
You are too injured to fight recklessly!
You are too injured to fight recklessly!
You barely miss the endoplasm. The endoplasm freezes you.
You are frozen.
You die...

.....>...
.)..(..
......
.....
...# ..##
#J.#
#@.##
##.)##
##J.#
#..#
##..#
#...#
##..#
#?.. ..##


You could see 2 endoplasms.

Vanquished Creatures
  5 adders (D:2)
  A worm (D:2)
  2 dart slugs (D:2)
  2 orcs (D:3)
  5 bats
  6 endoplasms
  A giant cockroach (D:2)
  6 goblins
  A hobgoblin (D:1)
  6 jackals
  3 frilled lizards
  5 kobolds
  4 rats
47 creatures vanquished.

Notes
Turn   | Place    | Note
-------+----------+-------------------------------------------
     0 | D:1      | Aibolit the Hill Orc Fighter began the quest for the Orb.
     0 | D:1      | Reached XP level 1. HP: 19/19 MP: 1/1
   342 | D:1      | Reached XP level 2. HP: 27/27 MP: 2/2
   956 | D:2      | Reached XP level 3. HP: 26/33 MP: 3/3
  1072 | D:2      | Reached XP level 4. HP: 40/40 MP: 4/4
  1353 | D:2      | Found an ancient bone altar of Kikubaaqudgha.
  1567 | D:2      | Found a faded altar of an unknown god.
  2060 | D:3      | You fall into a shaft and drop 2 floors!
  2060 | D:5      | Entered Level 5 of the Dungeon
  2082 | D:5      | Noticed a scorpion
  2084 | D:5      | Noticed an ogre
  2091 | D:5      | Found Zounn's Weapon Shop.
  2111 | D:5      | Noticed a necrophage
  2121 | D:5      | Noticed an ogre
  2122 | D:5      | HP: 2/41 [jackal (1)]
  2128 | D:5      | HP: 1/41 [jackal (2)]
  2167 | D:4      | HP: 1/41 [jackal (2)]
  2175 | D:4      | Frozen to death by an endoplasm

Illustrated notes

Levels and vault maps discovered:
D:1:      co_arrival_square_in_a_square_in_a_square, layout_basic
D:2:      layout_basic, ebering_ecumenical_altar_box, basic_altar,
          minmay_3d_cube
D:3:      layout_rooms
D:4:      layout_cave_pods, makhleb_heckhound_becter,
          nicolae_overflow_crystal_walls, kennysheep_boxes
D:5:      minmay_chambers_of_threes, layout_rooms, vehumet_crystals,
          serial_shops, nicolae_shop_bloodbath_and_beyond,
          corexii_leaking_fountain, reono_crystal_passage,
          kennysheep_generic_room_14

Skill      XL: |  1  2  3  4 |
---------------+-------------+-----
Axes           | 3 |  3.9
Fighting       | 4 |  4.5
Armour         | 4 |  4.0
Shields        | 4 |  4.0

Action                   |  1- 3 |  4- 6 || total
-------------------------+-------+-------++-------
Melee: War axe           |    71 |    51 ||   122
  Use: Scroll            |     1 |       ||     1
Armor: Scale mail        |    48 |    45 ||    93
Dodge: Dodged            |    49 |    37 ||    86
Block: Buckler           |    26 |     8 ||    34
       Kite shield       |       |    35 ||    35
